Map: Ascension to Aiur LE

Players

Winthrowe

  • Race: Protoss Protoss
  • League: Silver
  • Spawn Location: 11:00

Popin - Winner!

  • Race: Protoss Protoss
  • League: Gold
  • Spawn Location: 5:00

VOD

Have the link to the VOD?

Description

Time

  • Played on: Aug. 18, 2017, 5:54 p.m.
  • Length: 8:27
Show
View Real Time Build Order
Export as new Build Order

Winthrowe Protoss 

Build Orders: Double Forge 

Get SALT Encoding   

  12  0:03  Probe (Chrono Boost)  
  13  0:15  Pylon  
  13  0:20  Probe (Chrono Boost)  
  14  0:30  Probe (Chrono Boost)  
  15  0:37  Gateway  
  15  0:42  Assimilator  
  15  0:44  Probe (Chrono Boost)  
  16  0:55  Probe (Chrono Boost)  
  17  1:06  Probe (Chrono Boost)  
  18  1:15  Assimilator  
  18  1:17  Probe (Chrono Boost)  
  19  1:27  Probe (Chrono Boost)  
  19  1:32  Gateway  
  20  1:35  Gateway  
  20  1:40  Gateway  
  20  1:43  Probe (Chrono Boost)  
  21  2:02  Pylon  
  21  2:06  Pylon, Probe (Chrono Boost)  
  22  2:20  Zealot  
  24  2:29  Zealot  
  28  2:30  Zealot x2  
  28  2:35  Probe (Chrono Boost)  
  31  3:03  Nexus  
  31  3:12  Assimilator  
  31  3:16  Assimilator  
  31  3:29  Cybernetics Core  
  29  4:01  Forge  
  29  4:05  Forge  
  29  4:10  Adept x2  
  29  4:11  Adept x2  
  37  4:21  Warp Gate  
  37  4:47  Probe (Chrono Boost)  
  37  4:48  Probe (Chrono Boost)  
  39  4:58  Probe x2 (Chrono Boost)  
  41  5:00  Robotics Facility  
  41  5:04  Protoss Ground Weapons Level 1  
  41  5:08  Probe (Chrono Boost)  
  41  5:09  Probe (Chrono Boost), Protoss Shields Level 1  
  41  5:14  Sentry x2  
  47  5:16  Sentry  
  47  5:19  Probe x2 (Chrono Boost)  
  47  5:20  Sentry  
  53  5:29  Probe (Chrono Boost)  
  54  5:41  Pylon  
  54  5:43  Pylon  
  54  5:48  Pylon  
  54  5:50  Pylon  
  54  5:59  Sentry x3, Probe (Chrono Boost)  
  54  6:01  Sentry  
  63  6:19  Warp Prism  
  63  6:25  Stalker x3  
  71  6:27  Stalker  
  46  7:37  Zealot x2  
Show
View Real Time Build Order
Export as new Build Order

Popin Protoss - Winner!

Build Orders:  

Get SALT Encoding   

  12  0:01  Probe (Chrono Boost)  
  13  0:11  Probe (Chrono Boost)  
  14  0:19  Pylon  
  14  0:23  Probe (Chrono Boost)  
  15  0:39  Gateway  
  15  0:48  Gateway  
  15  0:53  Probe (Chrono Boost)  
  16  0:57  Assimilator  
  16  1:03  Probe (Chrono Boost)  
  17  1:14  Pylon, Probe (Chrono Boost)  
  18  1:27  Probe (Chrono Boost)  
  19  1:35  Cybernetics Core  
  19  1:42  Zealot  
  19  1:43  Zealot  
  24  1:47  Probe (Chrono Boost)  
  24  2:00  Pylon  
  24  2:09  Zealot  
  24  2:10  Zealot  
  28  2:16  Pylon  
  28  2:54  Zealot x2  
  32  3:15  Gateway  
  32  3:19  Gateway  
  32  3:22  Forge, Twilight Council  
  26  3:50  Zealot x2  
  26  3:51  Warp Gate (Chrono Boost)  
  26  3:53  Protoss Ground Weapons Level 1  
  30  4:00  Charge (Chrono Boost)  
  30  4:07  Zealot x2  
  34  4:52  Pylon  
  34  4:53  Nexus  
  34  4:55  Probe  
  34  4:56  Assimilator  
  35  5:02  Pylon  
  35  5:07  Probe  
  36  5:19  Probe  
  37  5:47  Zealot  
  37  5:48  Zealot  
  41  5:50  Stalker  
  41  5:51  Stalker  
  45  5:57  Pylon  
  45  6:01  Probe  
  46  6:08  Probe  
  46  6:10  Stargate  
  47  6:13  Probe  
  48  6:19  Stalker x2, Probe  
  48  6:23  Zealot  
  55  6:26  Probe  
  55  6:28  Zealot  
  58  6:45  Mothership Core  
  60  6:49  Stalker  
  60  6:50  Stalker  
  50  8:03  Zealot  
  50  8:04  Zealot  
  50  8:12  Pylon  
  48  8:14  Pylon  
  51  8:21  Gateway  
  51  8:22  Gateway  
Tags
 
Add a new tag
Caveats
  • Supply blocks, unpowered buildings, or Contaminate may cause inaccurate times.
  • Supply counts are checked every 10 seconds.